 Dungeon Crawl Stone Soup version 0.25.0-1-g7eea58d2a3 (webtiles) character file.

Game seed: 14027133347280594022

201 diana the Skirmisher (level 5, 0/42 HPs)
             Began as a Demonspawn Fighter on June 14, 2020.
             Was an Initiate of Okawaru.
             Slain by an ogre
             ... wielding a +0 giant club
              (14 damage)
             ... on level 4 of the Dungeon.
             The game lasted 00:03:02 (3036 turns).

diana the Skirmisher (Demonspawn Fighter)           Turns: 3036, Time: 00:03:03

Health: 0/42       AC: 11    Str: 23    XL:     5   Next: 50%
Magic:  5/5        EV:  5    Int:  9    God:    Okawaru [......]
Gold:   173        SH: 10    Dex: 13    Spells: 4/4 levels left

rFire    + . .     SeeInvis .   a - +0 war axe
rCold    . . .     Gourm    .   c - +0 kite shield
rNeg     . . .     Faith    .   r - +1 chain mail {rF+}
rPois    .         Spirit   .   (helmet restricted)
rElec    .         Reflect  .   q - +0 cloak
rCorr    .         Harm     .   (no gloves)
MR       .....                  (no boots)
Stlth    ..........             l - amulet of the acrobat
HPRegen  0.14/turn              u - +6 ring of strength
MPRegen  0.09/turn              (no ring)

@: no status effects
A: claws 1, horns 1, spiny 1
a: Renounce Religion


You were on level 4 of the Dungeon.
You worshipped Okawaru.
Okawaru was noncommittal.
You were not hungry.

You visited 1 branch of the dungeon, and saw 4 of its levels.

You collected 173 gold pieces.

Inventory:

Hand Weapons
 a - a +0 war axe (weapon)
Armour
 c - a +0 kite shield (worn)
 q - a +0 cloak (worn)
 r - a +1 chain mail of fire resistance (worn)
Jewellery
 l - an amulet of the acrobat (around neck)
 u - a +6 ring of strength (left claw)
Scrolls
 b - 2 scrolls of remove curse {unknown}
 g - 2 scrolls of fear {unknown}
 h - 3 scrolls of identify {unknown}
 i - 2 scrolls of magic mapping {unknown}
 p - a scroll of enchant armour {unknown}
 s - 3 scrolls of teleportation {unknown}
Potions
 d - a potion of might
 e - a potion of lignification {unknown}
 j - 3 potions of curing
 k - 4 potions of stabbing {unknown}
 m - 2 potions of flight {unknown}
 n - a potion of haste {unknown}
 t - a potion of degeneration {unknown}
Comestibles
 f - 7 rations
 o - 3 chunks of flesh


   Skills:
 + Level 4.0 Fighting
 + Level 3.0 Axes
 + Level 3.7 Armour
 + Level 3.6 Shields


You had 4 spell levels left.
You didn't know any spells.
Your spell library was empty.

Dungeon Overview and Level Annotations

Branches:
Dungeon (4/15)
 Temple: D:4-7

Altars:
Okawaru
Sif Muna


Innate Abilities, Weirdness & Mutations

You have sharp fingernails.
You have a pair of small horns on your head.
You are partially covered in sharp spines.


Message History

You are too injured to fight recklessly!
You are too injured to fight recklessly!
You are too injured to fight recklessly!
You are too injured to fight recklessly!
You are too injured to fight recklessly!
You are too injured to fight recklessly!
You are too injured to fight recklessly!
You are too injured to fight recklessly!
You are too injured to fight recklessly!
You are too injured to fight recklessly!
Okay, then.
You hit the ogre. You headbutt the ogre.
The ogre is severely wounded.
The ogre hits you with a +0 giant club!
* * * LOW HITPOINT WARNING * * *
It was a potion of curing.
You feel better. The ogre hits you with a +0 giant club!
* * * LOW HITPOINT WARNING * * *
You feel better. The ogre hits you with a +0 giant club!
You die...

#### .$.#
...# ... ..
.#
##########.#
#<.......@.#
##########O#
.# .# .. .#
.# ..


You could see an ogre.

Vanquished Creatures
  An orc priest (D:3)
  A worker ant (D:2)
  4 gnolls (D:2)
  An adder (D:3)
  An ooze (D:1)
  2 worms (D:3)
  A dart slug (D:2)
  3 leopard geckos
  9 orcs (D:3)
  8 bats
  4 giant cockroaches
  10 goblins
  5 hobgoblins
  5 jackals (D:1)
  11 kobolds
  A ball python (D:2)
  4 frilled lizards
  A quokka skeleton (D:3)
  8 rats
80 creatures vanquished.

Notes
Turn   | Place    | Note
-------+----------+-------------------------------------------
     0 | D:1      | diana the Demonspawn Fighter began the quest for the Orb.
     0 | D:1      | Reached XP level 1. HP: 18/18 MP: 1/1
   257 | D:1      | Gained mutation: You are partially covered in sharp spines.
                  | [demonic ancestry]
   257 | D:1      | Reached XP level 2. HP: 19/24 MP: 2/2
   644 | D:1      | Gained mutation: You have sharp fingernails. [demonic
                  | ancestry]
   644 | D:1      | Reached XP level 3. HP: 29/29 MP: 3/3
  1445 | D:2      | Found an iron altar of Okawaru.
  1460 | D:2      | Became a worshipper of Warmaster Okawaru
  1623 | D:2      | Reached XP level 4. HP: 34/35 MP: 4/4
  2196 | D:3      | Gained mutation: You have a pair of small horns on your
                  | head. [demonic ancestry]
  2196 | D:3      | Reached XP level 5. HP: 33/42 MP: 5/5
  2639 | D:3      | Found a shimmering blue altar of Sif Muna.
  2795 | D:3      | Reached skill level 4 in Fighting
  2958 | D:4      | Noticed an ogre
  3029 | D:4      | Noticed an ogre
  3036 | D:4      | Slain by an ogre

Illustrated notes

Levels and vault maps discovered:
D:1:      ebering_trefoil_twist, layout_basic
D:2:      kennysheep_big_flooded_room, layout_basic, grunt_ministairs_8,
          okawaru_trees_2
D:3:      layout_loops_ring, marbit_many_paths, first_ration
D:4:      layout_basic, nicolae_ashenzari_panopticon, nrook_mini_vaults,
          uniq_natasha

Skill      XL: |  1  2  3  4  5 |
---------------+----------------+-----
Axes           | 2 3 |  3.0
Shields        | 3 |  3.6
Armour         | 3 |  3.7
Fighting       | 4 |  4.0

Action                   |  1- 3 |  4- 6 || total
-------------------------+-------+-------++-------
Melee: War axe           |    75 |    85 ||   160
       Headbutt          |       |     6 ||     6
  Use: Potion            |       |     2 ||     2
  Eat: Chunk             |     2 |     5 ||     7
Armor: Scale mail        |    25 |       ||    25
       Chain mail        |     7 |    30 ||    37
Dodge: Dodged            |    30 |    18 ||    48
Block: Kite shield       |    44 |    47 ||    91
